 Dungeon Crawl Stone Soup version 0.25-a0-1007-g10a8c3caa8 (webtiles) character file.

Game seed: 11677716138480753644, levelgen mode: deterministic

3620 Lanoc the Fighter (level 10, -7/80 HPs)
             Began as a Gnoll Abyssal Knight on May 11, 2020.
             Was a High Priest of Lugonu.
             Mangled by a two-headed ogre
             ... wielding a +0 giant club
              (8 damage)
             ... on level 8 of the Dungeon.
             The game lasted 00:15:12 (7193 turns).

Lanoc the Fighter (Gnoll Abyssal Knight)            Turns: 7193, Time: 00:15:12

Health: -7/80      AC: 15    Str: 14    XL:     10   Next: 11%
Magic:  17/17      EV:  7    Int: 15    God:    Lugonu [*****.]
Gold:   400        SH:  0    Dex: 18    Spells: 18/18 levels left

rFire    . . .     SeeInvis .   z - +3 quarterstaff (chaos)
rCold    . . .     Gourm    .   (shield currently unavailable)
rNeg     . . .     Faith    .   F - +0 plate armour
rPois    +         Spirit   .   (no helmet)
rElec    .         Reflect  .   C - +0 cloak
rCorr    .         Harm     .   e - +0 pair of gloves
MR       .....                  (no boots)
Stlth    ..........             i - amulet of regeneration
HPRegen  0.63/turn              r - ring of poison resistance
MPRegen  0.15/turn              a - ring of wizardry

@: no status effects
A: distributed training, fangs 1, strong nose
a: Depart the Abyss, Bend Space, Banish, Corrupt, Enter the Abyss, Renounce
Religion


You were on level 8 of the Dungeon.
You worshipped Lugonu.
Lugonu was extremely pleased with you.
You were not hungry.

You visited 2 branches of the dungeon, and saw 9 of its levels.
You visited the Abyss 1 time.

You collected 472 gold pieces.
You spent 72 gold pieces at shops.

Inventory:

Hand Weapons
 l - a +2 whip of electrocution
 z - a +3 quarterstaff of chaos (weapon)
Missiles
 d - 152 arrows
 f - 60 sling bullets
 h - 33 bolts
 n - 19 poisoned darts (quivered)
Armour
 e - a +0 pair of gloves (worn)
 C - a +0 cloak (worn)
 F - a +0 plate armour (worn)
Jewellery
 a - a ring of wizardry (right hand)
 i - an amulet of regeneration (around neck)
 r - a ring of poison resistance (left hand)
Wands
 g - a wand of iceblast (5)
 p - a wand of paralysis (2)
Scrolls
 j - 2 scrolls of amnesia
 m - a scroll of remove curse
 o - 5 scrolls of identify
 q - 4 scrolls of enchant weapon
 s - a scroll of fear
 t - 4 scrolls of magic mapping
 u - 5 scrolls of immolation
 v - 2 scrolls of teleportation
 y - a scroll of fog {unknown}
Potions
 k - 4 potions of curing
 w - a potion of lignification
 x - a potion of haste {unknown}
 A - 4 potions of stabbing
 D - a potion of might {unknown}
Comestibles
 b - 11 chunks of flesh
 c - 18 rations


   Skills:
 + Level 8.2 Fighting
 + Level 4.9 Short Blades
 + Level 4.9 Long Blades
 + Level 4.9 Axes
 + Level 4.9 Maces & Flails
 + Level 6.7 Polearms
 + Level 4.9 Staves
 + Level 4.9 Slings
 + Level 4.9 Bows
 + Level 4.9 Crossbows
 + Level 4.9 Throwing
 + Level 6.7 Armour
 + Level 5.6 Dodging
 + Level 4.9 Stealth
 + Level 4.9 Shields
 + Level 4.9 Unarmed Combat
 + Level 4.9 Spellcasting
 + Level 4.0 Conjurations
 + Level 4.0 Hexes
 + Level 4.0 Charms
 + Level 4.0 Summonings
 + Level 4.0 Necromancy
 + Level 4.0 Translocations
 + Level 4.0 Transmutations
 + Level 4.0 Fire Magic
 + Level 4.0 Ice Magic
 + Level 4.0 Air Magic
 + Level 4.0 Earth Magic
 + Level 4.0 Poison Magic
 + Level 7.1 Invocations
 + Level 4.9 Evocations


You had 18 spell levels left.
You didn't know any spells.
Your spell library contained the following spells:

 Spells                   Type           Power        Failure   Level  Hunger
 Corona                   Hex            ###....      61%         1    None
 Shock                    Conj/Air       ###.         61%         1    None
 Ensorcelled Hibernation  Hex/Ice        ###...       75%         2    ##.....
 Swiftness                Chrm/Air       ###.....     75%         2    ##.....
 Confusing Touch          Hex            ###.....     91%         3    ###....
 Dazzling Flash           Conj/Hex       ###...       91%         3    ###....
 Static Discharge         Conj/Air       ###.....     91%         3    ###....
 Tukima's Dance           Hex            ###.....     91%         3    ###....
 Airstrike                Air            ###.......   100%        4    ####...
 Lightning Bolt           Conj/Air       ###.......   100%        5    ######.


Dungeon Overview and Level Annotations

Branches:
Dungeon (8/15)             Temple (1/1) D:7
   Lair: D:8-11

Altars:
Elyvilon
Fedhas
Gozag
Kikubaaqudgha
Makhleb
Nemelex Xobeh
Qazlal
Sif Muna
Vehumet
Wu Jian
Zin

Shops:
D:6 *:(


Innate Abilities, Weirdness & Mutations

Your experience applies equally to all skills.
You have very sharp teeth.
Your uncanny sense of smell can sniff out nearby items.


Message History

The two-headed ogre is severely wounded.
The two-headed ogre hits you with a +0 giant club!!
The two-headed ogre hits you with a cursed -3 giant spiked club!
You are too injured to fight recklessly!
Your plate armour prevents you from hitting the two-headed ogre.
The two-headed ogre is severely wounded.
The two-headed ogre hits you with a +0 giant club!
* * * LOW HITPOINT WARNING * * *
The two-headed ogre hits you but does no damage.
A crimson imp comes into view.
The crimson imp shouts!
You hit the two-headed ogre but do no damage.
The two-headed ogre is severely wounded.
You hear a shout!
You sock the two-headed ogre!
The two-headed ogre is almost dead.
The two-headed ogre hits you with a +0 giant club!!
* * * LOW HITPOINT WARNING * * *
The two-headed ogre hits you with a cursed -3 giant spiked club!
You die...

###### #.....#
##....... #........
#........
##........
##.........
#..@O......
#.######.5. #.#
##.# #..# #..#
#.####### #..#
#.#.....##
#..######......^.##
#.................#


You could see a two-headed ogre (agile, drained) and a crimson imp.

Vanquished Creatures
  A hippogriff (D:4)
  Grinder (D:5)
  A hungry ghost (D:8)
  Menkaure (D:5)
  3 orc warriors
  2 ice beasts
  A phantom (D:4)
  5 ogres
  3 centaurs
  2 bullfrogs
  Blork the orc (D:4)
  3 scorpions
  8 howler monkeys
  A centaur zombie (D:8)
  4 crimson imps
  4 hounds
  Crazy Yiuf (D:6)
  An orc priest (D:4)
  An iguana (D:6)
  Jessica (D:7)
  5 orc wizards
  Natasha (thrice) (D:4)
  9 worker ants
  A hound zombie (D:7)
  A worker ant zombie (D:6)
  6 gnolls (D:8)
  11 adders
  An adder zombie (D:5)
  5 worms
  A dart slug (D:1)
  5 leopard geckos
  25 orcs
  3 ball pythons
  2 giant cockroaches
  9 goblins
  7 hobgoblins
  25 jackals
  4 quokkas
  4 bats
  3 frilled lizards
  8 kobolds
  2 leopard gecko skeletons
  6 rats
191 creatures vanquished.

Notes
Turn   | Place    | Note
-------+----------+-------------------------------------------
     0 | Abyss:1  | Lanoc the Gnoll Abyssal Knight began the quest for the Orb.
     0 | Abyss:1  | Reached XP level 1. HP: 23/23 MP: 3/3
    49 | D:1      | Escaped the Abyss
   425 | D:1      | Reached XP level 2. HP: 29/29 MP: 5/5
   669 | D:1      | Reached ** piety under Lugonu
   693 | D:2      | Reached XP level 3. HP: 25/35 MP: 6/6
   872 | D:2      | Reached skill level 1 in Short Blades
   872 | D:2      | Reached skill level 1 in Long Blades
   872 | D:2      | Reached skill level 1 in Axes
   872 | D:2      | Reached skill level 1 in Maces & Flails
   872 | D:2      | Reached skill level 1 in Staves
   872 | D:2      | Reached skill level 1 in Slings
   872 | D:2      | Reached skill level 1 in Bows
   872 | D:2      | Reached skill level 1 in Crossbows
   872 | D:2      | Reached skill level 1 in Throwing
   872 | D:2      | Reached skill level 1 in Stealth
   872 | D:2      | Reached skill level 1 in Shields
   872 | D:2      | Reached skill level 1 in Unarmed Combat
   872 | D:2      | Reached skill level 1 in Spellcasting
   872 | D:2      | Reached skill level 1 in Evocations
   877 | D:2      | Reached XP level 4. HP: 27/41 MP: 7/7
  1035 | D:2      | Reached skill level 1 in Conjurations
  1035 | D:2      | Reached skill level 1 in Hexes
  1035 | D:2      | Reached skill level 1 in Charms
  1035 | D:2      | Reached skill level 1 in Summonings
  1035 | D:2      | Reached skill level 1 in Necromancy
  1035 | D:2      | Reached skill level 1 in Translocations
  1035 | D:2      | Reached skill level 1 in Transmutations
  1035 | D:2      | Reached skill level 1 in Fire Magic
  1035 | D:2      | Reached skill level 1 in Ice Magic
  1035 | D:2      | Reached skill level 1 in Air Magic
  1035 | D:2      | Reached skill level 1 in Earth Magic
  1035 | D:2      | Reached skill level 1 in Poison Magic
  1070 | D:2      | Found an opulent altar of Gozag.
  1234 | D:2      | Reached XP level 5. HP: 47/47 MP: 8/8
  1630 | D:3      | Reached *** piety under Lugonu
  2552 | D:4      | Reached skill level 5 in Invocations
  2552 | D:4      | Reached XP level 6. HP: 17/53 MP: 9/9
  2692 | D:4      | Reached skill level 5 in Polearms
  2692 | D:4      | Reached skill level 5 in Armour
  2830 | D:4      | Reached XP level 7. HP: 54/59 MP: 10/10
  2894 | D:4      | Noticed a hippogriff
  2909 | D:4      | Noticed Natasha
  2931 | D:4      | Killed Natasha
  2941 | D:4      | Killed a hippogriff
  2941 | D:4      | Reached skill level 7 in Fighting
  3034 | D:4      | Found a burning altar of Makhleb.
  3091 | D:4      | Found a stormy altar of Qazlal.
  3098 | D:4      | Found an ornate altar of the Wu Jian Council.
  3173 | D:4      | Noticed Natasha
  3187 | D:4      | Killed Natasha
  3192 | D:4      | Noticed Natasha
  3200 | D:4      | Killed Natasha
  3403 | D:4      | Reached XP level 8. HP: 42/67 MP: 12/12
  3520 | D:4      | Noticed Blork the orc
  3527 | D:4      | Killed Blork the orc
  3539 | D:5      | Entered Level 5 of the Dungeon
  3539 | D:5      | Found a sparkling altar of Nemelex Xobeh.
  3645 | D:5      | Reached **** piety under Lugonu
  3700 | D:5      | Noticed Grinder
  3705 | D:5      | Paralysed by Grinder for 2 turns
  3709 | D:5      | Killed Grinder
  4221 | D:5      | Noticed Menkaure
  4364 | D:5      | Killed Menkaure
  4585 | D:6      | Found Baetaz's Assorted Antiques.
  4590 | D:6      | Bought a scroll of identify for 48 gold pieces
  4590 | D:6      | Bought a scroll labeled NOPLUPRI JAIK for 24 gold pieces
  4617 | D:6      | Reached XP level 9. HP: 59/72 MP: 14/14
  4658 | D:6      | Found Geku's Antique Weapon Shop.
  4858 | D:6      | Found an ancient bone altar of Kikubaaqudgha.
  4926 | D:6      | Found a blossoming altar of Fedhas.
  5386 | D:6      | Found Fotruxy's Book Boutique.
  5403 | D:6      | Found a runed translucent door.
  5404 | D:6      | Noticed Crazy Yiuf
  5580 | D:6      | Killed Crazy Yiuf
  5717 | D:7      | Noticed Jessica
  5729 | D:7      | Found a shimmering blue altar of Sif Muna.
  5729 | D:7      | Killed Jessica
  5838 | D:7      | Reached skill level 5 in Dodging
  5966 | D:7      | Found a staircase to the Ecumenical Temple.
  5983 | D:7      | Reached ***** piety under Lugonu
  5994 | Temple   | Entered the Ecumenical Temple
  6402 | D:8      | Reached skill level 8 in Fighting
  6741 | D:8      | Reached XP level 10. HP: 79/80 MP: 17/17
  7181 | D:8      | Noticed a two-headed ogre
  7193 | D:8      | HP: 1/80 [two-headed ogre/+0 giant club (19)]
  7193 | D:8      | Mangled by a two-headed ogre

Illustrated notes

Levels and vault maps discovered:
D:1:      elethiomel_arrival_maze, layout_basic
D:2:      layout_rooms, grunt_gozag_statues
D:3:      layout_loops_corners
D:4:      layout_gridville, makhleb_grotto_becter,
          amethyst_overflow_temple_binary, palyth_stone_intersect, uniq_natasha,
          uniq_blork_the_orc
D:5:      minmay_inner_zag, layout_basic, nemelex_xobeh_ov_fountains_minmay,
          first_ration, serial_bayou, serial_bayou_lake_a, serial_bayou_pond_c,
          serial_bayou_pond_d, serial_bayou_crossing, uniq_grinder,
          uniq_menkaure
D:6:      layout_loops_ring, grunt_temple_overflow_growth_and_decay,
          serial_shops, nicolae_shop_trees, kennysheep_mini,
          kennysheep_little_box, uniq_crazy_yiuf_cottage
D:7:      layout_basic, tgw_sif, minmay_temple_entry_offerings, minivault_14
D:8:      layout_rooms, regret_index_temple_of_mockery, okawaru_humans
Temple:   compressed_dpeg_circular_temple

Skill      XL: |  1  2  3  4  5  6  7  8  9 10 |
---------------+-------------------------------+-----
Short Blades   | 1 2 3 4 |  4.9
Long Blades    | 1 2 3 4 |  4.9
Axes           | 1 2 3 4 |  4.9
Maces & Flails | 1 2 3 4 |  4.9
Staves         | 1 2 3 4 |  4.9
Slings         | 1 2 3 4 |  4.9
Bows           | 1 2 3 4 |  4.9
Crossbows      | 1 2 3 4 |  4.9
Throwing       | 1 2 3 4 |  4.9
Stealth        | 1 2 3 4 |  4.9
Shields        | 1 2 3 4 |  4.9
Unarmed Combat | 1 2 3 4 |  4.9
Spellcasting   | 1 2 3 4 |  4.9
Evocations     | 1 2 3 4 |  4.9
Conjurations   | 1 2 3 4 |  4.0
Hexes          | 1 2 3 4 |  4.0
Charms         | 1 2 3 4 |  4.0
Summonings     | 1 2 3 4 |  4.0
Necromancy     | 1 2 3 4 |  4.0
Translocations | 1 2 3 4 |  4.0
Transmutations | 1 2 3 4 |  4.0
Fire Magic     | 1 2 3 4 |  4.0
Ice Magic      | 1 2 3 4 |  4.0
Air Magic      | 1 2 3 4 |  4.0
Earth Magic    | 1 2 3 4 |  4.0
Poison Magic   | 1 2 3 4 |  4.0
Dodging        | 3 4 5 |  5.6
Invocations    | 5 6 7 |  7.1
Polearms       | 5 6 |  6.7
Armour         | 5 6 |  6.7
Fighting       | 7 8 |  8.2

Action                   |  1- 3 |  4- 6 |  7- 9 | 10-12 || total
-------------------------+-------+-------+-------+-------++-------
Melee: Spear             |    93 |    59 |       |       ||   152
       Bite              |     5 |    16 |    47 |     9 ||    77
       Whip              |       |   141 |   230 |       ||   371
       Punch             |       |     1 |     2 |       ||     3
       Quarterstaff      |       |       |   151 |    73 ||   224
Throw: Dart              |       |       |    14 |       ||    14
Invok: Bend Space        |       |       |     3 |       ||     3
  Use: Potion            |       |     1 |     7 |     3 ||    11
       Scroll            |       |       |     8 |       ||     8
 Stab: Sleeping          |       |     5 |     3 |       ||     8
       Distracted        |       |       |     3 |     1 ||     4
       Confused          |       |       |     4 |       ||     4
       Paralysed         |       |       |     3 |       ||     3
  Eat: Chunk             |       |     6 |    14 |     2 ||    22
Armor: Leather armour    |    16 |    26 |    55 |       ||    97
       Skin              |       |       |    35 |    22 ||    57
       Plate armour      |       |       |    81 |    24 ||   105
Dodge: Dodged            |    43 |   102 |   223 |    18 ||   386

Table legend:
 A = Non-vault XP
 B = Vault XP
 C = Vault XP percentage of total XP
 D = Non-vault monster count
 E = Vault monster count
 F = Vault count percentage of total count
                 A         B        C        D         E       F
            +---------+---------+-------+---------+---------+-------
      Total |    4355 |     817 |  15.8 |     180 |      11 |   5.8
            +---------+---------+-------+---------+---------+-------
        D:1 |      30 |       0 |   0.0 |      17 |       0 |   0.0
        D:2 |     136 |       0 |   0.0 |      29 |       0 |   0.0
        D:3 |      89 |       0 |   0.0 |      28 |       0 |   0.0
        D:4 |     907 |     174 |  16.1 |      24 |       3 |  11.1
        D:5 |     241 |     565 |  70.1 |       9 |       6 |  40.0
        D:6 |     753 |      41 |   5.2 |      16 |       1 |   5.9
        D:7 |     810 |      37 |   4.4 |      20 |       1 |   4.8
        D:8 |    1389 |       0 |   0.0 |      37 |       0 |   0.0
            +---------+---------+-------+---------+---------+-------
